 Dungeon Crawl Stone Soup version 0.22-a0-812-g4c1e2d5471 (webtiles) character file.

4837 Htamos the Covert (level 10, -4/50 HPs)
             Began as a Felid Fighter on July 23, 2018.
             Slain by a black mamba (12 damage)
             ... on level 6 of the Lair of Beasts.
             The game lasted 00:43:15 (17682 turns).

Htamos the Covert (Felid Fighter)                  Turns: 17682, Time: 00:43:15

Health: -4/50      AC:  2    Str: 12    XL:     10   Next: 25%
Magic:  14/14      EV: 29    Int: 11    God:
Gold:   197        SH:  0    Dex: 18    Spells: 6/9 levels left
                                        Lives:  0   Deaths: 3

rFire    . . .     SeeInvis +     - Unarmed
rCold    . . .     Gourm    .   (shield unavailable)
rNeg     . . .     Faith    .   (armour unavailable)
rPois    .         Spirit   .   (helmet unavailable)
rElec    .         Reflect  .   (cloak unavailable)
rCorr    .         Harm     .   (gloves unavailable)
MR       ++...                  (boots unavailable)
Stlth    ++++++....             (no amulet)
HPRegen  0.16/turn              e - ring of stealth
MPRegen  0.14/turn              l - ring of protection from magic

@: lethally poisoned (-4 -> -17), flying, very slightly contaminated, quick
A: very small, no armour, no weapons or thrown items, stealth, claws 1, fangs 3,
see invisible, carnivore, speed 1, shaggy fur 2, slow metabolism 1, sharp paws
a: no special abilities


You were on level 6 of the Lair of Beasts.
You were not hungry.

You visited 3 branches of the dungeon, and saw 18 of its levels.
You also visited: Bailey.

You collected 515 gold pieces.
You spent 318 gold pieces at shops.

Inventory:

Hand Weapons
 q - a +3 vampiric executioner's axe
Jewellery
 e - a ring of stealth (left paw)
 i - an uncursed ring of protection from magic
 l - a ring of protection from magic (right paw)
Scrolls
 c - 2 scrolls of teleportation
 f - 5 scrolls of identify
 h - 4 scrolls of remove curse
 j - 2 scrolls of fog
 k - 2 scrolls of fear
 m - 2 scrolls of amnesia
Potions
 a - a potion of flight
 n - a potion of heal wounds
 s - 3 potions of brilliance
 v - 2 potions of magic
Comestibles
 b - 26 rations


   Skills:
 + Level 9.7 Fighting
 + Level 12.3 Dodging
 + Level 12.4 Stealth
 + Level 10.0 Unarmed Combat
 + Level 2.1 Charms
 + Level 1.9 Necromancy
   Level 5.0 Evocations


You had 6 spell levels left.
You knew the following spells:

 Your Spells              Type           Power        Failure   Level  Hunger
a - Regeneration          Chrm/Necr      #.........   43%         3    ####...

Your spell library contained the following spells:

 Spells                   Type           Power        Failure   Level  Hunger
 Deflect Missiles         Chrm/Air       #.........   100%        6    #######
 Silence                  Hex/Air        #.........   100%        5    ######.
 Conjure Ball Lightning   Conj/Air       #.........   100%        6    #######
 Tornado                  Air            #.........   100%        9    #######
 Shroud of Golubria       Chrm/Tloc      #.........   34%         2    ###....
 Infusion                 Chrm           #...         14%         1    ##.....
 Song of Slaying          Chrm           #.......     22%         2    ###....
 Spectral Weapon          Hex/Chrm       #.......     56%         3    ####...
 Summon Lightning Spire   Summ/Air       #.......     98%         4    #####..


Dungeon Overview and Level Annotations

Branches:
Dungeon (11/15)            Temple (1/1) D:4            Lair (6/6) D:11
  Swamp (0/4) Lair:3
  Snake: Lair:2-4    Spider: Lair:2-4     Slime: Lair:5-6       Orc: D:9-12

Altars:
Ashenzari
Cheibriados
Dithmenos
Elyvilon
Fedhas
Gozag
Hepliaklqana
Kikubaaqudgha
Makhleb
Nemelex Xobeh
Okawaru
Qazlal
Ru
Sif Muna
Trog
Uskayaw
Vehumet
Wu Jian
Xom
Yredelemnul
Zin
The Shining One

Shops:
D:5 [   D:9 ?

Annotations:
D:6 Htamos's ghost, novice MiBe
D:7 exclusions: statue and 2 more exclusions
D:10 exclusion: 2 doors


Innate Abilities, Weirdness & Mutations

You cannot wear armour.
You are incapable of wielding weapons or throwing items.
Your paws allow you to move quietly. (Stealth)
You have sharp claws.
You have razor-sharp teeth.
You have supernaturally acute eyesight. (SInv)
You are carnivorous and can eat meat at any time.
You cover ground quickly.
You are covered in thick fur. (AC +2)
You have a slow metabolism.
Your sharp claws are effective at attacking unaware monsters.


Message History

The black mamba completely misses you. The black mamba bites you!
* * * LOW HITPOINT WARNING * * *
You are lethally poisoned!
The black mamba poisons you!
* * * LOW HITPOINT WARNING * * *
You feel sick.
The rime drake hisses angrily.
The death yak bellows!
You hear a bellow!
You see here an elf skeleton.
* * * LOW HITPOINT WARNING * * *
You feel sick. The black mamba completely misses you.
* * * LOW HITPOINT WARNING * * *
You feel sick.
* * * LOW HITPOINT WARNING * * *
You feel sick.
* * * LOW HITPOINT WARNING * * *
You feel sick.
* * * LOW HITPOINT WARNING * * *
You feel sick. The black mamba bites you!
You die...

. #.....# #.. .# #...P## #.. ..##
##########P..# ##.†
♣$.P##.#...PP##.P.# #†..
♣........!...P##..# ##...
...............#.## #..†.
♣♣♣♣...........#.## ##.Y.P
PP♣♣.....P....##..# #...P#
≈≈≈....l.######.@.## ##...##
≈♣≈≈l....# #.S...### ###.Y.##.
♣♣♣♣...l## ##l......####...###..
♣.....l####..............###...
#.....#.##...P.....P....###P...
♣.........l÷.......÷...####......
............♣.......####.........
...........P.......##............
.........Y......♣.##.............


You could see a black mamba, a basilisk and a wyvern.

Vanquished Creatures
  2 two-headed ogres
  2 orc sorcerers (D:9)
  2 black mambas
  4 spiny frogs
  3 komodo dragons (Lair:5)
  A troll (D:10)
  2 hippogriffs
  A human (D:9)
  A hungry ghost (D:10)
  2 basilisks (Lair:6)
  4 hogs (D:9)
  A wyvern (Lair:5)
  3 yaks (D:9)
  A steam dragon (Lair:5)
  The ghost of Cecky the Digger, an amateur GrEE of Vehumet (D:4)
  3 water moccasins
  Duvessa (D:5)
  3 porcupines
  13 orc warriors (Bailey)
  2 sky beasts
  2 ogres
  2 centaurs
  4 crocodiles
  3 bullfrogs
  Blork the orc (D:5)
  Dowan (D:5)
  5 killer bees
  11 wights
  2 howler monkeys
  4 crimson imps
  2 centaur zombies
  2 hounds
  8 orc wizards
  3 orc priests
  2 bullfrog skeletons (D:6)
  An iguana (D:9)
  6 worker ants
  A hound zombie (D:10)
  Robin (D:2)
  11 adders
  2 shadow imps (D:9)
  An adder zombie (D:5)
  3 worms
  2 dart slugs (D:2)
  2 leopard geckos
  39 orcs
  A ball python (D:5)
  9 bats
  A giant cockroach (D:2)
  16 goblins
  10 hobgoblins
  11 jackals
  2 quokkas (D:2)
  6 frilled lizards
  7 kobolds
  6 rats
242 creatures vanquished.

Vanquished Creatures (collateral kills)
  2 elephants (Lair:6)
  A spiny frog (Lair:6)
  2 komodo dragons (Lair:5)
  2 black bears (Lair:6)
  3 wolves (Lair:6)
10 creatures vanquished.

Vanquished Creatures (others)
  An unseen horror (D:11)
  2 killer bees (D:6)
  A river rat (D:6)
  13 fungi
  13 plants
30 creatures vanquished.

Grand Total: 282 creatures vanquished

Notes
Turn   | Place    | Note
-------+----------+-------------------------------------------
     0 | D:1      | Htamos the Felid Fighter began the quest for the Orb.
     0 | D:1      | Reached XP level 1. HP: 10/10 MP: 2/2
   523 | D:1      | Reached XP level 2. HP: 5/14 MP: 3/3
  1844 | D:2      | Reached XP level 3. HP: 17/17 MP: 4/4
  1953 | D:2      | Reached skill level 1 in Stealth
  2130 | D:2      | Noticed Robin
  2682 | D:2      | Reached XP level 4. HP: 21/21 MP: 5/5
  2955 | D:2      | Killed Robin
  2955 | D:2      | Reached skill level 5 in Dodging
  3733 | D:3      | Found a sacrificial altar of Ru.
  4157 | D:3      | Found a glowing golden altar of the Shining One.
  4362 | D:3      | Reached XP level 5. HP: 25/25 MP: 6/6
  4791 | D:4      | Reached skill level 1 in Evocations
  5171 | D:4      | Found a staircase to the Ecumenical Temple.
  5180 | Temple   | Entered the Ecumenical Temple
  5266 | D:4      | Found a runed gate.
  5267 | D:4      | Found a runed gate.
  5339 | D:4      | Found a runed gate.
  5339 | D:4      | Noticed Cecky's ghost (amateur GrEE)
  5349 | D:4      | Killed Cecky's ghost
  5349 | D:4      | Reached skill level 5 in Unarmed Combat
  5349 | D:4      | Gained mutation: You are covered in thick fur. (AC +2) [Felid growth]
  5349 | D:4      | Reached XP level 6. HP: 28/28 MP: 6/8
  5498 | D:5      | Entered Level 5 of the Dungeon
  5515 | D:5      | Found a shimmering altar of Xom.
  5573 | D:5      | Noticed Blork the orc
  5578 | D:5      | Killed Blork the orc
  5637 | D:5      | Found Feomen's Armour Emporium.
  5947 | D:5      | Killed from afar by an orc priest
  5948 | D:5      | Reached XP level 5. HP: 0/25 MP: 7/7
  6345 | D:5      | Noticed Dowan
  6348 | D:5      | Noticed Duvessa
  6381 | D:5      | Killed Duvessa
  6381 | D:5      | Reached XP level 6. HP: 7/29 MP: 8/8
  6671 | D:5      | Killed Dowan
  6935 | D:5      | You fall through a shaft!
  7024 | D:6      | Reached XP level 7. HP: 21/33 MP: 10/10
  7166 | D:6      | Reached skill level 5 in Fighting
  7438 | D:6      | Found a runed door.
  7456 | D:6      | Noticed Htamos's ghost (novice MiBe)
  7467 | D:6      | Reached skill level 5 in Stealth
  7552 | D:7      | HP: 2/49 [poisoned by a killer bee]
  7560 | D:7      | HP: 2/49 [poisoned by a killer bee]
  8034 | D:7      | Found a bloodstained altar of Trog.
  8050 | D:7      | Found a radiant altar of Vehumet.
  8328 | D:7      | Reached XP level 8. HP: 37/37 MP: 10/12
  8731 | D:7      | Found a faded altar of an unknown god.
  8731 | D:7      | Found a shimmering altar of Xom.
  8736 | D:7      | Found a deep blue altar of Sif Muna.
  8738 | D:7      | Found a stormy altar of Qazlal.
  8739 | D:7      | Found an ornate altar of the Wu Jian Council.
  9468 | D:8      | Noticed a hippogriff
  9480 | D:8      | Killed a hippogriff
  9541 | D:8      | Reached skill level 5 in Evocations
  9849 | D:8      | Noticed a two-headed ogre
  9896 | D:8      | Killed a two-headed ogre
  9896 | D:8      | Reached XP level 9. HP: 42/42 MP: 13/13
 10220 | D:9      | Noticed an orc sorcerer
 10226 | D:9      | Noticed an orc sorcerer
 10229 | D:9      | Killed an orc sorcerer
 10238 | D:9      | Paralysed by an orc sorcerer for 5 turns
 10244 | D:9      | Killed an orc sorcerer
 11358 | D:9      | Reached XP level 10. HP: 37/48 MP: 14/14
 11463 | D:9      | Reached skill level 10 in Dodging
 11638 | D:9      | Reached skill level 10 in Stealth
 11825 | D:9      | Found Argholue's Magic Scroll Shop.
 11833 | D:9      | Bought a scroll of summoning for 114 gold pieces
 11833 | D:9      | Bought a scroll of blinking for 90 gold pieces
 11833 | D:9      | Bought a scroll of summoning for 114 gold pieces
 12038 | D:10     | Entered Level 10 of the Dungeon
 12130 | D:10     | Noticed a two-headed ogre
 12637 | D:10     | Killed a two-headed ogre
 12775 | D:10     | Found a flagged portal.
 12855 | Bailey   | Entered a bailey
 13925 | Bailey   | Noticed an orc knight
 14565 | Bailey   | Demolished by an orc warrior
 14566 | Bailey   | Reached XP level 9. HP: -15/45 MP: 13/13
 15225 | D:10     | Reached XP level 10. HP: 49/49 MP: 14/14
 15888 | D:11     | Found a staircase to the Lair.
 15915 | D:11     | Noticed an unseen horror
 15934 | D:11     | Killed an unseen horror
 16065 | D:11     | Noticed a gargoyle
 16085 | Lair:1   | Entered Level 1 of the Lair of Beasts
 16557 | Lair:2   | Noticed a spiny frog
 16565 | Lair:2   | Killed a spiny frog
 16664 | Lair:3   | Found a staircase to the Swamp.
 16697 | Lair:4   | Noticed a black mamba
 16697 | Lair:4   | Noticed a six-headed hydra
 16698 | Lair:4   | Noticed a torpor snail
 16699 | Lair:4   | Noticed a spiny frog
 16700 | Lair:4   | Killed a black mamba
 16717 | Lair:6   | Entered Level 6 of the Lair of Beasts
 16717 | Lair:6   | Noticed a black mamba
 16721 | Lair:6   | Killed a black mamba
 16745 | Lair:6   | Noticed an elephant
 16774 | Lair:6   | Noticed an eight-headed hydra
 16775 | Lair:6   | Noticed a spiny frog
 16789 | Lair:6   | Noticed a catoblepas
 16789 | Lair:6   | Noticed a spiny frog
 16810 | Lair:6   | Noticed a black mamba
 16834 | Lair:5   | Killed a spiny frog
 17008 | Lair:5   | Noticed a spiny frog
 17019 | Lair:5   | Killed a spiny frog
 17156 | Lair:5   | Learned a level 3 spell: Regeneration
 17242 | Lair:5   | Reached XP level 11. HP: 40/53 MP: 15/15
 17278 | Lair:5   | Reached skill level 1 in Charms
 17278 | Lair:5   | Reached skill level 1 in Necromancy
 17351 | Lair:6   | Noticed a death yak
 17440 | Lair:6   | Noticed a five-headed hydra
 17483 | Lair:6   | Noticed a catoblepas
 17544 | Lair:6   | Noticed a death yak
 17546 | Lair:6   | Noticed a death yak
 17549 | Lair:6   | Reached skill level 10 in Unarmed Combat
 17549 | Lair:6   | Noticed a death yak
 17616 | Lair:6   | Slain by a wyvern
 17617 | Lair:6   | Reached XP level 10. HP: 0/50 MP: 14/14
 17682 | Lair:6   | Slain by a black mamba

Vault maps used:
D:1:      scummos_arrival_forest
D:2:      uniq_robin
D:3:      overflow_temple_1_default, first_ration, nicolae_ru_path_of_blood
D:4:      minmay_temple_entry_glass, ebering_ghost_rock_garden
D:5:      basic_altar, serial_shops, nicolae_shop_crystal, uniq_blork_the_orc,
          uniq_duvessa
D:6:      serial_shops, nicolae_shop_trees, basic_altar, ebering_ghost_sewer_f
D:7:      vehumet_statue, chequers_temple_overflow_minitemple, basic_altar
D:9:      cheibrodos_wizards_tower, serial_shops, shop, grunt_livestock
D:10:     cheibrodos_two_vegetables, enter_bailey_8, lightli_corner_chamber
D:11:     lair_entry_dummy, serial_shops, shop, shop, roderic_batcave,
          minivault_16, kennysheep_potato
Temple:   compressed_dpeg_circular_temple
Lair:1:   enter_volcano_4, grunt_megastairs_2, serial_bayou_shore_a
Lair:2:   statuecave_lemuel, spider_nest_entry_a
Lair:3:   swamp_mist, wad_woods_road_02, uniq_sonja
Lair:4:   special_room
Lair:5:   beast_lair_carwin_10
Lair:6:   grunt_lair_end_beastmaster, slime_altar_1, special_room, minivault_11,
          nicolae_lair_grove_arrangements, serial_bayou_pond_e,
          serial_bayou_crossing
Bailey:   bailey_polearm_2, bailey

Skill      XL: |  1  2  3  4  5  6  7  8  9 10 11 |
---------------+----------------------------------+-----
Stealth        | 1 2 4 5 8 9 12 | 12.4
Dodging        | 5 6 7 8 9 12 | 12.3
Fighting       | 4 5 6 7 9 |  9.7
Evocations     | 1 3 4 5 |  5.0
Unarmed Combat | 5 6 7 8 9 10 | 10.0
Charms         | 2 |  2.1
Necromancy     | 1 |  1.9

Action                   |  1- 3 |  4- 6 |  7- 9 | 10-12 || total
-------------------------+-------+-------+-------+-------++-------
Melee: Unarmed           |   101 |   210 |   309 |   292 ||   912
       Bite              |     9 |    18 |    30 |    33 ||    90
       Punch             |       |     1 |    13 |     5 ||    19
Evoke: Wand              |       |       |    16 |    43 ||    59
       Box of beasts     |       |       |       |     1 ||     1
  Use: Potion            |       |     7 |     2 |     7 ||    16
       Scroll            |       |       |     1 |    28 ||    29
 Stab: Sleeping          |     4 |     9 |     9 |    14 ||    36
       Distracted        |     1 |       |     1 |     3 ||     5
       Invisible         |       |     1 |       |       ||     1
       Paralysed         |       |       |     3 |     1 ||     4
       Confused          |       |       |       |     5 ||     5
  Eat: Chunk             |    10 |     9 |    15 |    14 ||    48
Armor: Skin              |     4 |    12 |    12 |     4 ||    32
Dodge: Dodged            |    94 |   174 |   264 |   311 ||   843

Table legend:
 A = Spawn XP
 B = Non-spawn XP
 C = Spawn XP percentage of total XP
 D = Spawn monster count
 E = Non-spawn monster count
 F = Spawn count percentage of total count
 G = Total turns spent on level
                    A         B        C        D         E        F      G
               +---------+---------+-------+---------+---------+-------+---------
         Total |       0 |   18923 |   0.0 |       0 |     253 |   0.0 | 17682
               +---------+---------+-------+---------+---------+-------+---------
           D:1 |       0 |      30 |   0.0 |       0 |      18 |   0.0 |  1729
           D:2 |       0 |     111 |   0.0 |       0 |      34 |   0.0 |  1750
           D:3 |       0 |      78 |   0.0 |       0 |      24 |   0.0 |  1206
           D:4 |       0 |     291 |   0.0 |       0 |      11 |   0.0 |  1024
           D:5 |       0 |     411 |   0.0 |       0 |      11 |   0.0 |  1152
           D:6 |       0 |     329 |   0.0 |       0 |      13 |   0.0 |   599
           D:7 |       0 |     841 |   0.0 |       0 |      12 |   0.0 |  1763
           D:8 |       0 |    1796 |   0.0 |       0 |      17 |   0.0 |  1109
           D:9 |       0 |    3700 |   0.0 |       0 |      39 |   0.0 |  2006
          D:10 |       0 |    1680 |   0.0 |       0 |      10 |   0.0 |  1491
          D:11 |       0 |     838 |   0.0 |       0 |       6 |   0.0 |   124
        Lair:1 |       0 |     262 |   0.0 |       0 |       2 |   0.0 |   224
        Lair:2 |       0 |     670 |   0.0 |       0 |       3 |   0.0 |   331
        Lair:3 |       0 |     109 |   0.0 |       0 |       1 |   0.0 |    57
        Lair:4 |       0 |     421 |   0.0 |       0 |       1 |   0.0 |    15
        Lair:5 |       0 |    3122 |   0.0 |       0 |      13 |   0.0 |   532
        Lair:6 |       0 |    2472 |   0.0 |       0 |      13 |   0.0 |   438
        Bailey |       0 |    1762 |   0.0 |       0 |      25 |   0.0 |  2058
               +---------+---------+-------+---------+---------+-------+---------
